 Dungeon Crawl Stone Soup version 0.29.0-13-gc9e81de378 (webtiles) character file.

Game seed: 14413846859376035433

120 SnakkuSnakku7 the Caller (level 5, -2/45 HPs)
             Began as a Ghoul Summoner on Sept 8, 2022.
             Slain by Terence
             ... wielding a +0 flail
              (5 damage)
             ... on level 3 of the Dungeon.
             The game lasted 00:02:59 (3176 turns).

SnakkuSnakku7 the Caller (Ghoul Summoner)           Turns: 3176, Time: 00:03:00

Health: -2/45      AC:  9    Str: 14    XL:     5   Next: 4%
Magic:  6/6        EV:  6    Int: 10    God:
Gold:   111        SH:  0    Dex:  9    Spells: 6/7 levels left

rFire   . . .      SeeInvis .     - Unarmed
rCold   + . .      Faith    .   (no shield)
rNeg    + + +      Spirit   .   c - +0 chain mail
rPois   ∞          Reflect  .   e - +0 helmet
rElec   .          Harm     .   (no cloak)
rCorr   .          Rampage  .   (no gloves)
Will    .....                   (no boots)
Stlth   ..........              (no amulet)
HPRegen 0.00/turn               (no ring)
MPRegen 0.10/turn               (no ring)

@: attractive, inhibited regen
A: claws 1, cold resistance 1, negative energy resistance 3, inhibited
regeneration, torment resistance 2, devour on kill
a: no special abilities


You were on level 3 of the Dungeon.
You visited 1 branch of the dungeon, and saw 3 of its levels.

You collected 111 gold pieces.

Inventory:

Armour
 a - a +0 robe
 c - a +0 chain mail (worn)
 e - a +0 helmet (worn)
Jewellery
 i - a ring of resist corrosion
Scrolls
 f - a scroll of poison {unknown}
 g - a scroll of teleportation {unknown}
 h - 3 scrolls of identify {unknown}
 j - a scroll of silence {unknown}
 l - a scroll of vulnerability {unknown}
Potions
 b - a potion of magic
 d - a potion of brilliance {unknown}
 k - a potion of attraction


   Skills:
 + Level 3.3 Fighting
 - Level 1.7 Dodging
 - Level 2.1 Stealth
 + Level 3.3 Unarmed Combat
 - Level 1.7 Spellcasting
 - Level 3.6 Summonings


You had 6 spell levels left.
You knew the following spells:

 Your Spells              Type           Power      Damage    Failure   Level
a - Summon Small Mammal   Summ           32%        N/A       92%         1

Your spell library contained the following spells:

 Spells                   Type           Power      Damage    Failure   Level
 Call Imp                 Summ           8%         N/A       98%         2
 Foxfire                  Conj/Fire      0%         2x1d4     100%        1
 Call Canine Familiar     Summ           8%         N/A       100%        3
 Conjure Flame            Conj/Fire      0%         6-21      100%        3
 Inner Flame              Hex/Fire       0%         N/A       100%        3
 Summon Guardian Golem    Hex/Summ       4%         N/A       100%        3
 Flame Wave               Conj/Fire      0%         2d4       100%        4
 Summon Lightning Spire   Summ/Air       4%         N/A       100%        4


Dungeon Overview and Level Annotations

Branches:
Dungeon (3/15)

Altars:

Annotations:
D:2 Sigmund
D:3 Terence


Innate Abilities, Weirdness & Mutations

You are immune to poison.
You have sharp fingernails.
Your flesh is cold resistant. (rC+)
You are immune to negative energy. (rN+++)
You do not regenerate when monsters are visible.
You are immune to unholy pain and torment.
You thrive by killing the living.


Message History

Terence barely misses you.
You scratch Terence but do no damage.
Terence is lightly wounded.
Terence hits you with a +0 flail!
You scratch Terence.
Terence is lightly wounded.
Terence hits you with a +0 flail.
You scratch Terence.
Terence is moderately wounded.
Terence hits you but does no damage.
You scratch Terence.
Terence is heavily wounded.
Terence hits you with a +0 flail!
* * * LOW HITPOINT WARNING * * *
You scratch Terence but do no damage.
Terence is heavily wounded.
Terence barely misses you.
You closely miss Terence.
Terence is heavily wounded.
Terence barely misses you.
You scratch Terence.
Terence is severely wounded.
Terence hits you but does no damage.
You scratch Terence.
Terence is severely wounded.
Terence hits you but does no damage.
You barely miss Terence.
Terence is severely wounded.
Terence hits you but does no damage.
You scratch Terence but do no damage.
Terence is severely wounded.
Terence hits you but does no damage.
You scratch Terence but do no damage.
Terence is severely wounded.
Terence hits you with a +0 flail!
* * * LOW HITPOINT WARNING * * *
It was a potion of attraction.
You feel attractive to monsters. Terence hits you with a +0 flail.
You die...

##[.......##
#..........#####
#.........[.....
#...>.....#####.
#.###.##### ##
##.........#
##..........#
#..#........#####
#@##............##
#@##........###...
#g##....>...# ####
#g##........#
..##........##
...#########.####
### #.P..###.#
#.......###
#.PP.PP.##.


You could see Terence and 2 hobgoblins.

Vanquished Creatures
  A scorpion (D:2)
  3 adders
  2 worms
  2 dart slugs
  An orc (D:2)
  2 ball pythons
  3 endoplasms
  2 goblins
  2 hobgoblins
  5 bats
  2 kobolds
  3 rats (D:2)
28 creatures vanquished.

Vanquished Creatures (others)
  2 demonic plants (D:3)
  7 fungi (D:3)
  8 plants (D:3)
17 creatures vanquished.

Grand Total: 45 creatures vanquished

Notes
Turn   | Place    | Note
-------+----------+-------------------------------------------
     0 | D:1      | SnakkuSnakku7 the Ghoul Summoner began the quest for the
                  | Orb.
     0 | D:1      | Reached XP level 1. HP: 14/14 MP: 2/2
   522 | D:1      | Reached skill level 1 in Fighting
   522 | D:1      | Reached skill level 1 in Unarmed Combat
   522 | D:1      | Reached XP level 2. HP: 23/23 MP: 3/3
  1136 | D:2      | Noticed Sigmund
  1308 | D:2      | Reached XP level 3. HP: 29/29 MP: 4/4
  1610 | D:2      | Noticed a scorpion
  1637 | D:2      | Killed a scorpion
  1638 | D:2      | Reached XP level 4. HP: 10/37 MP: 5/5
  3068 | D:3      | Reached XP level 5. HP: 45/45 MP: 6/6
  3073 | D:3      | Found a faded altar of an unknown god.
  3150 | D:3      | Noticed Terence
  3176 | D:3      | Slain by Terence

Illustrated notes

Levels and vault maps discovered:
D:1:      dpeg_arrival_arbitrary_c, layout_rooms, serial_forest,
          infiniplex_forest_clump_tiny, infiniplex_forest_clump_medium,
          infiniplex_forest_lined_4_way, infiniplex_forest_straight_3,
          infiniplex_forest_straight_4, infiniplex_forest_straight_2,
          minmay_misc_feat_hallway
D:2:      layout_basic, serial_rivers, chequers_serial_rivers_room_a,
          chequers_serial_rivers_small_b, chequers_serial_rivers_small_a,
          chequers_serial_rivers_micro_b, basic_altar, grunt_decor_arrowhead,
          uniq_sigmund
D:3:      layout_rooms, shapermc_ecumenical_altar_gd, uniq_robin, uniq_terence

Skill      XL: |  1  2  3  4 |
---------------+-------------+-----
Fighting       | 1 2 3 |  3.3
Unarmed Combat | 1 2 3 |  3.3
Dodging        | |  1.7
Stealth        | |  2.1
Spellcasting   | |  1.7
Summonings     | |  3.6

Action                   |  1- 3 |  4- 6 || total
-------------------------+-------+-------++-------
Melee: Unarmed           |   118 |    92 ||   210
       Punch             |     1 |       ||     1
  Use: Potion            |       |     3 ||     3
Armor: Chain mail        |    88 |    31 ||   119
Dodge: Dodged            |    36 |    23 ||    59
